 Dungeon Sprint DCSS version 0.28.0-43-g3370ac3207 (webtiles) character file.

Game seed: 18383003466203875042

4804 boopmooplesden the Cleaver (level 10, -2/101 HPs)
             Began as a Minotaur Berserker on Mar 13, 2022.
             Was the Champion of Trog.
             Slain by a spriggan rider
             ... wielding a +0 spear
              (14 damage)
             ... in the Dungeon (Sprint IV: "Fedhas' Mad Dash").
             The game lasted 00:04:56 (2836 turns).

boopmooplesden the Cleaver (Minotaur Berserker)     Turns: 2836, Time: 00:04:57

Health: -2/101     AC:  8    Str: 23    XL:     10   Next: 24%
Magic:  9/9        EV: 14    Int:  6    God:    Trog [******]
Gold:   82         SH:  0    Dex: 11    Spells: 9/9 levels left

rFire   + . .      SeeInvis .   n - +3 great sword of Trog's Vengeance {vorpal, rF+}
rCold   . . .      Faith    .   (shield currently unavailable)
rNeg    . . .      Spirit   .   m - +0 leather armour
rPois   .          Reflect  .   (helmet restricted)
rElec   .          Harm     .   k - +0 cloak
rCorr   .          Rampage  .   q - +1 pair of gloves
Will    .....      NoTele   +   j - +0 pair of boots
Stlth   ++++......              i - amulet of invisibility {+Inv}
HPRegen 0.26/turn               (no ring)
MPRegen 0.11/turn               (no ring)

@: on berserk cooldown, very slightly contaminated, slowed, very slow
A: horns 2, retaliatory headbutt
a: Renounce Religion, Evoke Invisibility, Berserk, Trog's Hand, Brothers in Arms


You were in the Dungeon.
You worshipped Trog.
Trog was exalted by your worship.
You visited 1 branch You collected 262 gold pieces.
You spent 180 gold pieces at shops.

Inventory:

Hand Weapons
 a - a +0 hand axe
 l - a +2 war axe of venom
 n - the +3 great sword of Trog's Vengeance (weapon) {vorpal, rF+}
   (Trog gifted it to you in the Dungeon)

   It inflicts extra damage upon your enemies.
   rF:        It protects you from fire.
Armour
 b - a +0 animal skin
 j - a +0 pair of boots (worn)
 k - a +0 cloak (worn)
 m - a +0 leather armour (worn)
 q - a +1 pair of gloves (worn)
Jewellery
 i - the amulet of invisibility (around neck) {+Inv}
   (You found it in the Dungeon)

   [amulet of nothing]

   +Inv:      It lets you turn invisible.
 o - a +6 ring of intelligence
Scrolls
 h - a scroll of blinking
 p - a scroll of acquirement {unknown}
Potions
 c - 2 potions of curing
 d - a potion of heal wounds
 e - a potion of haste
 f - 2 potions of magic
 g - a potion of berserk rage


   Skills:
 + Level 13.4 Fighting
 + Level 10.2 Long Blades
 + Level 14.5 Axes
 + Level 6.0 Armour
 + Level 7.5 Dodging
 + Level 10.1 Stealth
 + Level 8.8 Evocations


You had 9 spell levels left.
You didn't know any spells.
Your spell library was empty.

Dungeon Overview and Level Annotations

Branches:
Dungeon (1/1)

Altars:
Cheibriados
Dithmenos
Elyvilon
Gozag
Hepliaklqana
Kikubaaqudgha
Makhleb
Nemelex Xobeh
Okawaru
Qazlal
Ru
Sif Muna
Trog
Uskayaw
Vehumet
Wu Jian
Xom
Yredelemnul
Zin
The Shining One
Beogh
Jiyva
Lugonu

Shops:
D !*([!


Innate Abilities, Weirdness & Mutations

You have a pair of horns on your head.
You reflexively headbutt those who attack you in melee.


Message History

You slice the demonic crawler!!
You kill the demonic crawler!
Trog accepts your kill. Trog grants you a weapon!
Something appears at your feet!
You see here a +7 battleaxe.
Your Stealth skill increases to level 10!
You closely miss the spriggan. The spriggan closely misses you.
You furiously retaliate!
You headbutt the spriggan. You slash the spriggan!
You kill the spriggan!
Trog accepts your kill.
Your Long Blades skill increases to level 10!
Your Armour skill increases to level 6!
You slash the spriggan!
The spriggan is almost dead.
The spriggan misses you.
You miss the spriggan.
The spriggan is almost dead.
The spriggan hits you with a +0 rapier!
You slash the spriggan!
You kill the spriggan!
Trog accepts your kill.
You flicker for a moment.
A spriggan rider comes into view. It is wielding a +0 spear.
The spriggan rider shouts!
Items here: )) [[ †.
Found Joruemnahym's Distillery.
You feel a strong urge to attack something.
There is an open door here.
You are no longer berserk.
You are exhausted.
You feel yourself slow down. The spriggan rider closely misses you.
The spriggan rider hits you with a +0 spear!!
You miss the spriggan rider. You headbutt the spriggan rider!
The spriggan rider is lightly wounded.
You flicker back into view.
The spriggan rider hits you with a +0 spear!!
* * * LOW HITPOINT WARNING * * *
The spriggan rider hits you with a +0 spear!
You die...

#################
.#..')..#....##∩#
.'..#)..#....'..#
.#..###'##..)##∩# ####
.#..##∩∩.'...#### ....#
.#################...∩#
######......###.....♣
.'..'.......))'.@i♣
.#..#.P.....#######
.##+##.P....# .#
######## ##


You could see a spriggan rider.

Vanquished Creatures
  A spriggan druid (D)
  6 oklob plants (D)
  A demonic crawler (D)
  A queen bee (D)
  3 burning bushes (D)
  3 wandering mushrooms (D)
  3 scorpions (D)
  4 killer bees (D)
  5 oklob saplings (D)
  4 spriggans (D)
  A river rat (D)
  A rat (D)
  A ballistomycete spore (D)
34 creatures vanquished.

Vanquished Creatures (others)
  2 fungi (D)
2 creatures vanquished.

Grand Total: 36 creatures vanquished

Notes
Turn   | Place    | Note
-------+----------+-------------------------------------------
     0 | D        | boopmooplesden the Minotaur Berserker began the quest for
                  | the Orb.
     0 | D        | Reached XP level 1. HP: 19/19 MP: 0/0
    10 | D        | Reached skill level 4 in Axes
    10 | D        | Reached XP level 2. HP: 28/28 MP: 1/1
   105 | D        | Noticed an oklob sapling
   106 | D        | Killed an oklob sapling
   106 | D        | Reached ** piety under Trog
   107 | D        | Reached skill level 5 in Fighting
   107 | D        | Reached skill level 6 in Axes
   107 | D        | Reached XP level 3. HP: 37/37 MP: 2/2
   108 | D        | Noticed a scorpion
   108 | D        | Found the amulet of invisibility {+Inv}
   118 | D        | Killed a scorpion
   119 | D        | Reached skill level 7 in Axes
   119 | D        | Reached XP level 4. HP: 9/47 MP: 3/3
   372 | D        | Reached skill level 8 in Axes
   511 | D        | Found an opulent altar of Gozag.
   511 | D        | Found a hazy altar of Hepliaklqana.
   511 | D        | Found a snail-covered altar of Cheibriados.
   512 | D        | Found a viscous altar of Jiyva.
   512 | D        | Found a burning altar of Makhleb.
   512 | D        | Found a sparkling altar of Nemelex Xobeh.
   512 | D        | Found a sacrificial altar of Ru.
   512 | D        | Found a shimmering blue altar of Sif Muna.
   512 | D        | Found a bloodstained altar of Trog.
   512 | D        | Found an ornate altar of the Wu Jian Council.
   512 | D        | Found a shimmering altar of Xom.
   512 | D        | Found a basalt altar of Yredelemnul.
   513 | D        | Found an iron altar of Okawaru.
   513 | D        | Found a shadowy altar of Dithmenos.
   513 | D        | Found a glowing silver altar of Zin.
   514 | D        | Found an ancient bone altar of Kikubaaqudgha.
   514 | D        | Found a hide-covered altar of Uskayaw.
   515 | D        | Found a stormy altar of Qazlal.
   515 | D        | Found a white marble altar of Elyvilon.
   515 | D        | Found a glowing golden altar of the Shining One.
   516 | D        | Found a corrupted altar of Lugonu.
   516 | D        | Found a radiant altar of Vehumet.
   522 | D        | Reached skill level 1 in Stealth
   522 | D        | Reached skill level 1 in Evocations
   522 | D        | Reached XP level 5. HP: 56/56 MP: 1/4
   685 | D        | Reached *** piety under Trog
   686 | D        | Reached skill level 9 in Axes
   728 | D        | Reached skill level 10 in Axes
   728 | D        | Reached XP level 6. HP: 50/64 MP: 5/5
   735 | D        | Found Gaus Quimni's General Store.
   735 | D        | Found Deigya's Distillery.
   971 | D        | Noticed a burning bush
   971 | D        | Noticed a wandering mushroom
   973 | D        | Noticed a wandering mushroom
   980 | D        | Reached **** piety under Trog
   981 | D        | Reached skill level 5 in Armour
   983 | D        | Killed a wandering mushroom
   984 | D        | Reached skill level 10 in Fighting
   984 | D        | Reached skill level 11 in Axes
   984 | D        | Reached skill level 5 in Dodging
   984 | D        | Reached XP level 7. HP: 73/73 MP: 3/6
   984 | D        | Killed a wandering mushroom
   985 | D        | Reached skill level 12 in Axes
   985 | D        | Reached skill level 5 in Stealth
   997 | D        | Killed a burning bush
   998 | D        | Reached skill level 5 in Evocations
  1501 | D        | Found Ziuzanwa's Antique Weapon Shoppe.
  1502 | D        | Found Bikav's Antique Armour Emporium.
  1511 | D        | Bought a leather armour for 38 gold pieces
  1572 | D        | Noticed a queen bee
  1583 | D        | Reached ***** piety under Trog
  1583 | D        | Killed a queen bee
  1584 | D        | Reached skill level 13 in Axes
  1584 | D        | Reached XP level 8. HP: 83/83 MP: 4/7
  1605 | D        | Noticed an oklob plant
  1611 | D        | Killed an oklob plant
  1611 | D        | Identified the +3 great sword of Trog's Vengeance {vorpal,
                  | rF+} (Trog gifted it to you in the Dungeon)
  1611 | D        | Received a gift from Trog
  1629 | D        | Noticed a burning bush
  1633 | D        | Killed a burning bush
  1673 | D        | Noticed a burning bush
  1673 | D        | Noticed an oklob plant
  1678 | D        | Noticed a wandering mushroom
  1682 | D        | Killed a burning bush
  1683 | D        | Reached skill level 1 in Long Blades
  1683 | D        | Reached skill level 14 in Axes
  1683 | D        | Reached XP level 9. HP: 91/91 MP: 6/8
  1689 | D        | Killed an oklob plant
  2075 | D        | Noticed a spriggan druid
  2079 | D        | Killed a spriggan druid
  2080 | D        | Reached skill level 5 in Long Blades
  2316 | D        | Noticed an oklob plant conjurer
  2318 | D        | Killed an oklob plant conjurer
  2318 | D        | Reached ****** piety under Trog
  2474 | D        | Noticed an oklob plant
  2474 | D        | Noticed an oklob plant summoner
  2488 | D        | Noticed an oklob plant shifter
  2496 | D        | Killed an oklob plant summoner
  2501 | D        | Killed an oklob plant shifter
  2507 | D        | Killed an oklob plant
  2508 | D        | Reached XP level 10. HP: 55/101 MP: 9/9
  2589 | D        | Bought a pair of embroidered gloves for 142 gold pieces
  2826 | D        | Received a gift from Trog
  2827 | D        | Reached skill level 10 in Stealth
  2829 | D        | Reached skill level 10 in Long Blades
  2832 | D        | Noticed a spriggan rider
  2833 | D        | Found Joruemnahym's Distillery.
  2836 | D        | Slain by a spriggan rider

Illustrated notes

Levels and vault maps discovered:
D:        dungeon_sprint_fedhas [sprint_temple]

Skill      XL: |  1  2  3  4  5  6  7  8  9 10 |
---------------+-------------------------------+-----
Fighting       | 4 5 7 8 9 10 11 12 13 | 13.4
Axes           | 4 6 7 8 10 11 13 14 | 14.5
Armour         | 3 4 5 6 |  6.0
Dodging        | 3 4 5 6 7 |  7.5
Stealth        | 1 2 4 6 8 9 10 | 10.1
Evocations     | 1 2 4 6 7 8 |  8.8
Long Blades    | 1 9 10 | 10.2

Action                   |  1- 3 |  4- 6 |  7- 9 | 10-12 || total
-------------------------+-------+-------+-------+-------++-------
Melee: Hand axe          |    14 |    24 |    12 |       ||    50
       Headbutt          |     1 |     2 |    20 |     3 ||    26
       Punch             |     1 |     1 |       |       ||     2
       War axe           |       |       |    11 |       ||    11
       Great sword       |       |       |    40 |    10 ||    50
Invok: Berserk           |     2 |     3 |     2 |     1 ||     8
 Abil: Evoke Invisibilit |       |     4 |     7 |     1 ||    12
  Use: Scroll            |       |       |     3 |       ||     3
 Stab: Sleeping          |       |     2 |     6 |     1 ||     9
       Invisible         |       |     4 |    10 |       ||    14
Armor: Animal skin       |     1 |       |       |       ||     1
       Leather armour    |       |       |     5 |     2 ||     7
Dodge: Dodged            |     8 |    10 |    27 |    12 ||    57
